Workbook

Sheet P1 Presupuesto Aprobado
A1: SERVICIO NACIONAL DE SALUD
A2: SERVICIO REGIONAL VIII DE SALUD, HOSPITAL MUNICIPAL FANTINO
A3: Año 2024
A4: Ejecución de Gastos y Aplicaciones financieras
A5: En RD$
A7: DETALLE | B7: Presupuesto Aprobado | C7: Presupuesto Modificado
A9: 2 - GASTOS
A10: 2.1 - REMUNERACIONES Y CONTRIBUCIONES | B10: =SUM(B11:B15) -> 143964462
A11: 2.1.1 - REMUNERACIONES | B11: 141767467
A12: 2.1.2 - SOBRESUELDOS | B12: 60525
A13: 2.1.3 - DIETAS Y GASTOS DE REPRESENTACIÓN
A14: 2.1.4 - GRATIFICACIONES Y BONIFICACIONES | B14: 2085350
A15: 2.1.5 - CONTRIBUCIONES A LA SEGURIDAD SOCIAL | B15: 51120
A16: 2.2 - CONTRATACIÓN DE SERVICIOS | B16: =SUM(B17:B25) -> 1741905
A17: 2.2.1 - SERVICIOS BÁSICOS | B17: 297740
A18: 2.2.2 - PUBLICIDAD, IMPRESIÓN Y ENCUADERNACIÓN | B18: 75000
A19: 2.2.3 - VIÁTICOS | B19: 300000
A20: 2.2.4 - TRANSPORTE Y ALMACENAJE | B20: 4800
A21: 2.2.5 - ALQUILERES Y RENTAS | B21: 222000
A22: 2.2.6 - SEGUROS
A23: 2.2.7 - SERVICIOS DE CONSERVACIÓN, REPARACIONES MENORES E INSTALACIONES TEMPORALES | B23: 216200
A24: 2.2.8 - OTROS SERVICIOS NO INCLUIDOS EN CONCEPTOS ANTERIORES | B24: 601788
A25: 2.2.9 - OTRAS CONTRATACIONES DE SERVICIOS | B25: 24377
A26: 2.3 - MATERIALES Y SUMINISTROS | B26: =SUM(B27:B35) -> 19827627
A27: 2.3.1 - ALIMENTOS Y PRODUCTOS AGROFORESTALES | B27: 5093429
A28: 2.3.2 - TEXTILES Y VESTUARIOS | B28: 119000
A29: 2.3.3 - PRODUCTOS DE PAPEL, CARTÓN E IMPRESOS | B29: 703342
A30: 2.3.4 - PRODUCTOS FARMACÉUTICOS | B30: 8044190
A31: 2.3.5 - PRODUCTOS DE CUERO, CAUCHO Y PLÁSTICO | B31: 1639500
A32: 2.3.6 - PRODUCTOS DE MINERALES, METÁLICOS Y NO METÁLICOS
A33: 2.3.7 - COMBUSTIBLES, LUBRICANTES, PRODUCTOS QUÍMICOS Y CONEXOS | B33: 3156775
A34: 2.3.8 - GASTOS QUE SE ASIGNARÁN DURANTE EL EJERCICIO (ART. 32 Y 33 LEY 423-06)
A35: 2.3.9 - PRODUCTOS Y ÚTILES VARIOS | B35: 1071391
A36: 2.4 - TRANSFERENCIAS CORRIENTES | B36: =SUM(B37:B44) -> 0
A37: 2.4.1 - TRANSFERENCIAS CORRIENTES AL SECTOR PRIVADO
A38: 2.4.2 - TRANSFERENCIAS CORRIENTES AL GOBIERNO GENERAL NACIONAL
A39: 2.4.3 - TRANSFERENCIAS CORRIENTES A GOBIERNOS GENERALES LOCALES
A40: 2.4.4 - TRANSFERENCIAS CORRIENTES A EMPRESAS PÚBLICAS NO FINANCIERAS
A41: 2.4.5 - TRANSFERENCIAS CORRIENTES A INSTITUCIONES PÚBLICAS FINANCIERAS
A42: 2.4.6 - SUBVENCIONES
A43: 2.4.7 - TRANSFERENCIAS CORRIENTES AL SECTOR EXTERNO
A44: 2.4.9 - TRANSFERENCIAS CORRIENTES A OTRAS INSTITUCIONES PÚBLICAS
A45: 2.5 - TRANSFERENCIAS DE CAPITAL | B45: =SUM(B46:B51) -> 0
A46: 2.5.1 - TRANSFERENCIAS DE CAPITAL AL SECTOR PRIVADO
A47: 2.5.2 - TRANSFERENCIAS DE CAPITAL AL GOBIERNO GENERAL NACIONAL
A48: 2.5.3 - TRANSFERENCIAS DE CAPITAL A GOBIERNOS GENERALES LOCALES
A49: 2.5.4 - TRANSFERENCIAS DE CAPITAL A EMPRESAS PÚBLICAS NO FINANCIERAS
A50: 2.5.6 - TRANSFERENCIAS DE CAPITAL AL SECTOR EXTERNO
A51: 2.5.9 - TRANSFERENCIAS DE CAPITAL A OTRAS INSTITUCIONES PÚBLICAS
A52: 2.6 - BIENES MUEBLES, INMUEBLES E INTANGIBLES | B52: =SUM(B53:B61) -> 765098
A53: 2.6.1 - MOBILIARIO Y EQUIPO | B53: 452258
A54: 2.6.2 - MOBILIARIO Y EQUIPO AUDIOVISUAL, RECREATIVO Y EDUCACIONAL
A55: 2.6.3 - EQUIPO E INSTRUMENTAL, CIENTÍFICO Y LABORATORIO
A56: 2.6.4 - VEHÍCULOS Y EQUIPO DE TRANSPORTE, TRACCIÓN Y ELEVACIÓN
A57: 2.6.5 - MAQUINARIA, OTROS EQUIPOS Y HERRAMIENTAS | B57: 150000
A58: 2.6.6 - EQUIPOS DE DEFENSA Y SEGURIDAD
A59: 2.6.7 - ACTIVOS BIOLÓGICOS
A60: 2.6.8 - BIENES INTANGIBLES | B60: 162840
A61: 2.6.9 - EDIFICIOS, ESTRUCTURAS, TIERRAS, TERRENOS Y OBJETOS DE VALOR
A62: 2.7 - OBRAS | B62: =SUM(B63:B66) -> 0
A63: 2.7.1 - OBRAS EN EDIFICACIONES
A64: 2.7.2 - INFRAESTRUCTURA
A65: 2.7.3 - CONSTRUCCIONES EN BIENES CONCESIONADOS
A66: 2.7.4 - GASTOS QUE SE ASIGNARÁN DURANTE EL EJERCICIO PARA INVERSIÓN (ART. 32 Y 33 LEY 423-06)
A67: 2.8 - ADQUISICION DE ACTIVOS FINANCIEROS CON FINES DE POLÍTICA | B67: =SUM(B68:B74) -> 0
A68: 2.8.1 - CONCESIÓN DE PRESTAMOS
A69: 2.8.2 - ADQUISICIÓN DE TÍTULOS VALORES REPRESENTATIVOS DE DEUDA
A70: 2.9 - GASTOS FINANCIEROS | B70: 0
A71: 2.9.1 - INTERESES DE LA DEUDA PÚBLICA INTERNA | B71: 0
A72: 2.9.2 - INTERESES DE LA DEUDA PUBLICA EXTERNA
A73: 2.9.4 - COMISIONES Y OTROS GASTOS BANCARIOS DE LA DEUDA PÚBLICA
A74: 4 - APLICACIONES FINANCIERAS
A75: 4.1 - INCREMENTO DE ACTIVOS FINANCIEROS | B75: =SUM(B76:B77) -> 0
A76: 4.1.1 - INCREMENTO DE ACTIVOS FINANCIEROS CORRIENTES
A77: 4.1.2 - INCREMENTO DE ACTIVOS FINANCIEROS NO CORRIENTES
A78: 4.2 - DISMINUCIÓN DE PASIVOS | B78: =SUM(B79:B80) -> 0
A79: 4.2.1 - DISMINUCIÓN DE PASIVOS CORRIENTES
A80: 4.2.2 - DISMINUCIÓN DE PASIVOS NO CORRIENTES
A81: 4.3 - DISMINUCIÓN DE FONDOS DE TERCEROS | B81: =SUM(B82) -> 0
A82: 4.3.5 - DISMINUCIÓN DEPÓSITOS FONDOS DE TERCEROS
A83: Total general | B83: =+B81+B78+B75+B67+B62+B52+B45+B36+B26+B16+B10 -> 166299092
A85: Presupuesto aprobado: Se refiere al presupuesto aprobado en la Ley de Presupuesto General del Estado.
A86: Presupuesto modificado: Se refiere al presupuesto aprobado en caso de que el Congreso Nacional apruebe un presupuesto complementario.
A87: Total devengado: Son los recursos financieros que surgen con la obligación de pago por la recepción de conformidad de obras, bienes y servicios oportunamente contratados o, en los casos de gastos sin contraprestación, por haberse cumplido los requisitos administrativos dispuestos por el reglamento de la presente Ley.
A89: Preparado por | C89: Revisado Por
A90: SILVIO DE LA CRUZ VELOZ | C90: Licda María Cristina Moronta
A91: CONTADOR | C91: Administradora Financiera

Sheet P2 Presupuesto Aprobado-Ejec 
A2: SERVICIO NACIONAL DE SALUD
A3: SERVICIO REGIONAL VIII HOSPITAL MUNICIPAL FANTINO
A4: Año 2025
A5: Ejecución de Gastos y Aplicaciones financieras
A6: En RD$
A7: Codigo de la actividad: 4.1.2.2.05
A8: DETALLE | B8: Presupuesto Aprobado | C8: Presupuesto Modificado | D8: Gasto devengado
D9: Enero | E9: Febrero | F9: Marzo | G9: Abril | H9: Mayo | I9: Junio | J9: Julio | K9: Agosto | L9: Septiembre | M9: Octubre | N9: Noviembre | O9: Diciembre | P9: Total
A10: 2 - GASTOS | B10: =+B11+B17+B27+B37+B46+B53+B63+B68 -> 166299092 | C10: =+C11+C17+C27+C37+C46+C53+C63+C68 -> 0 | D10: =+D11+D17+D27+D37+D46+D53+D63+D68 -> 2406406.8 | E10: =+E11+E17+E27+E37+E46+E53+E63+E68 -> 0 | F10: =+F11+F17+F27+F37+F46+F53+F63+F68 -> 0 | G10: =+G11+G17+G27+G37+G46+G53+G63+G68 -> 0 | H10: =+H11+H17+H27+H37+H46+H53+H63+H68 -> 0 | I10: =+I11+I17+I27+I37+I46+I53+I63+I68 -> 0 | ... P10: =+P11+P17+P27+P37+P46+P53+P63+P68 -> 2406406.8
A11: 2.1 - REMUNERACIONES Y CONTRIBUCIONES | B11: =SUM(B12:B16) -> 143964462 | C11: =SUM(C12:C16) -> 0 | D11: =SUM(D12:D16) -> 166255.3 | E11: =SUM(E12:E16) -> 0 | F11: =SUM(F12:F16) -> 0 | G11: =SUM(G12:G16) -> 0 | H11: =SUM(H12:H16) -> 0 | I11: =SUM(I12:I16) -> 0 | ... P11: =SUM(P12:P16) -> 166255.3
A12: 2.1.1 - REMUNERACIONES | B12: 141767467 | D12: 161995.3 | P12: =SUM(D12:O12) -> 161995.3
A13: 2.1.2 - SOBRESUELDOS | B13: 60525 | P13: =SUM(D13:O13) -> 0
A14: 2.1.3 - DIETAS Y GASTOS DE REPRESENTACIÓN | P14: =SUM(D14:O14) -> 0
A15: 2.1.4 - GRATIFICACIONES Y BONIFICACIONES | B15: 2085350 | P15: =SUM(D15:O15) -> 0
A16: 2.1.5 - CONTRIBUCIONES A LA SEGURIDAD SOCIAL | B16: 51120 | D16: 4260 | P16: =SUM(D16:O16) -> 4260
A17: 2.2 - CONTRATACIÓN DE SERVICIOS | B17: =SUM(B18:B26) -> 1741905 | C17: =SUM(C18:C26) -> 0 | D17: =SUM(D18:D26) -> 114539.11 | E17: =SUM(E18:E26) -> 0 | F17: =SUM(F18:F26) -> 0 | G17: =SUM(G18:G26) -> 0 | H17: =SUM(H18:H26) -> 0 | I17: =SUM(I18:I26) -> 0 | ... P17: =SUM(P18:P26) -> 114539.11
A18: 2.2.1 - SERVICIOS BÁSICOS | B18: 297740 | D18: 20493.91 | P18: =SUM(D18:O18) -> 20493.91
A19: 2.2.2 - PUBLICIDAD, IMPRESIÓN Y ENCUADERNACIÓN | B19: 75000 | P19: =SUM(D19:O19) -> 0
A20: 2.2.3 - VIÁTICOS | B20: 300000 | P20: =SUM(D20:O20) -> 0
A21: 2.2.4 - TRANSPORTE Y ALMACENAJE | B21: 4800 | P21: =SUM(D21:O21) -> 0
A22: 2.2.5 - ALQUILERES Y RENTAS | B22: 222000 | D22: 7000 | P22: =SUM(D22:O22) -> 7000
A23: 2.2.6 - SEGUROS | P23: =SUM(D23:O23) -> 0
A24: 2.2.7 - SERVICIOS DE CONSERVACIÓN, REPARACIONES MENORES E INSTALACIONES TEMPORALES | B24: 216200 | P24: =SUM(D24:O24) -> 0
A25: 2.2.8 - OTROS SERVICIOS NO INCLUIDOS EN CONCEPTOS ANTERIORES | B25: 601788 | D25: 87045.2 | P25: =SUM(D25:O25) -> 87045.2
A26: 2.2.9 - OTRAS CONTRATACIONES DE SERVICIOS | B26: 24377 | P26: =SUM(D26:O26) -> 0
A27: 2.3 - MATERIALES Y SUMINISTROS | B27: =SUM(B28:B36) -> 19827627 | C27: =SUM(C28:C36) -> 0 | D27: =SUM(D28:D36) -> 2060012.4 | E27: =SUM(E28:E36) -> 0 | F27: =SUM(F28:F36) -> 0 | G27: =SUM(G28:G36) -> 0 | H27: =SUM(H28:H36) -> 0 | I27: =SUM(I28:I36) -> 0 | ... P27: =SUM(P28:P36) -> 2060012.4
A28: 2.3.1 - ALIMENTOS Y PRODUCTOS AGROFORESTALES | B28: 5093429 | D28: 365402.7 | P28: =SUM(D28:O28) -> 365402.7
A29: 2.3.2 - TEXTILES Y VESTUARIOS | B29: 119000 | D29: 6667 | P29: =SUM(D29:O29) -> 6667
A30: 2.3.3 - PRODUCTOS DE PAPEL, CARTÓN E IMPRESOS | B30: 703342 | P30: =SUM(D30:O30) -> 0
A31: 2.3.4 - PRODUCTOS FARMACÉUTICOS | B31: 8044190 | D31: 369993.1 | P31: =SUM(D31:O31) -> 369993.1
A32: 2.3.5 - PRODUCTOS DE CUERO, CAUCHO Y PLÁSTICO | B32: 1639500 | P32: =SUM(D32:O32) -> 0
A33: 2.3.6 - PRODUCTOS DE MINERALES, METÁLICOS Y NO METÁLICOS | P33: =SUM(D33:O33) -> 0
A34: 2.3.7 - COMBUSTIBLES, LUBRICANTES, PRODUCTOS QUÍMICOS Y CONEXOS | B34: 3156775 | D34: 867520.24 | P34: =SUM(D34:O34) -> 867520.24
A35: 2.3.8 - GASTOS QUE SE ASIGNARÁN DURANTE EL EJERCICIO (ART. 32 Y 33 LEY 423-06) | P35: =SUM(D35:O35) -> 0
A36: 2.3.9 - PRODUCTOS Y ÚTILES VARIOS | B36: 1071391 | D36: 450429.31 | P36: =SUM(D36:O36) -> 450429.31
A37: 2.4 - TRANSFERENCIAS CORRIENTES | B37: =SUM(B38:B45) -> 0 | C37: =SUM(C38:C45) -> 0 | D37: =SUM(D38:D45) -> 0 | E37: =SUM(E38:E45) -> 0 | F37: =SUM(F38:F45) -> 0 | G37: =SUM(G38:G45) -> 0 | H37: =SUM(H38:H45) -> 0 | I37: =SUM(I38:I45) -> 0 | ... P37: =SUM(P38:P45) -> 0
A38: 2.4.1 - TRANSFERENCIAS CORRIENTES AL SECTOR PRIVADO | B38: =+'P1 Presupuesto Aprobado'!B37 -> 0 | P38: =SUM(D38:O38) -> 0
A39: 2.4.2 - TRANSFERENCIAS CORRIENTES AL GOBIERNO GENERAL NACIONAL | B39: =+'P1 Presupuesto Aprobado'!B38 -> 0 | P39: =SUM(D39:O39) -> 0
A40: 2.4.3 - TRANSFERENCIAS CORRIENTES A GOBIERNOS GENERALES LOCALES | B40: =+'P1 Presupuesto Aprobado'!B39 -> 0 | P40: =SUM(D40:O40) -> 0
A41: 2.4.4 - TRANSFERENCIAS CORRIENTES A EMPRESAS PÚBLICAS NO FINANCIERAS | B41: =+'P1 Presupuesto Aprobado'!B40 -> 0 | P41: =SUM(D41:O41) -> 0
A42: 2.4.5 - TRANSFERENCIAS CORRIENTES A INSTITUCIONES PÚBLICAS FINANCIERAS | B42: =+'P1 Presupuesto Aprobado'!B41 -> 0 | P42: =SUM(D42:O42) -> 0
A43: 2.4.6 - SUBVENCIONES | B43: =+'P1 Presupuesto Aprobado'!B42 -> 0 | P43: =SUM(D43:O43) -> 0
A44: 2.4.7 - TRANSFERENCIAS CORRIENTES AL SECTOR EXTERNO | B44: =+'P1 Presupuesto Aprobado'!B43 -> 0 | P44: =SUM(D44:O44) -> 0
A45: 2.4.9 - TRANSFERENCIAS CORRIENTES A OTRAS INSTITUCIONES PÚBLICAS | B45: =+'P1 Presupuesto Aprobado'!B44 -> 0 | P45: =SUM(D45:O45) -> 0
A46: 2.5 - TRANSFERENCIAS DE CAPITAL | B46: =SUM(B47:B52) -> 0 | C46: =SUM(C47:C52) -> 0 | D46: =SUM(D47:D52) -> 0 | E46: =SUM(E47:E52) -> 0 | F46: =SUM(F47:F52) -> 0 | G46: =SUM(G47:G52) -> 0 | H46: =SUM(H47:H52) -> 0 | I46: =SUM(I47:I52) -> 0 | ... P46: =SUM(P47:P52) -> 0
A47: 2.5.1 - TRANSFERENCIAS DE CAPITAL AL SECTOR PRIVADO | B47: =+'P1 Presupuesto Aprobado'!B46 -> 0 | P47: =SUM(D47:O47) -> 0
A48: 2.5.2 - TRANSFERENCIAS DE CAPITAL AL GOBIERNO GENERAL NACIONAL | B48: =+'P1 Presupuesto Aprobado'!B47 -> 0 | P48: =SUM(D48:O48) -> 0
A49: 2.5.3 - TRANSFERENCIAS DE CAPITAL A GOBIERNOS GENERALES LOCALES | B49: =+'P1 Presupuesto Aprobado'!B48 -> 0 | P49: =SUM(D49:O49) -> 0
A50: 2.5.4 - TRANSFERENCIAS DE CAPITAL A EMPRESAS PÚBLICAS NO FINANCIERAS | B50: =+'P1 Presupuesto Aprobado'!B49 -> 0 | P50: =SUM(D50:O50) -> 0 | R50: 13483304
A51: 2.5.6 - TRANSFERENCIAS DE CAPITAL AL SECTOR EXTERNO | B51: =+'P1 Presupuesto Aprobado'!B50 -> 0 | P51: =SUM(D51:O51) -> 0 | R51: =+L10-R50 -> -13483304
A52: 2.5.9 - TRANSFERENCIAS DE CAPITAL A OTRAS INSTITUCIONES PÚBLICAS | B52: =+'P1 Presupuesto Aprobado'!B51 -> 0 | P52: =SUM(D52:O52) -> 0
A53: 2.6 - BIENES MUEBLES, INMUEBLES E INTANGIBLES | B53: =SUM(B54:B62) -> 765098 | C53: =SUM(C54:C62) -> 0 | D53: =SUM(D54:D62) -> 65600.07 | E53: =SUM(E54:E62) -> 0 | F53: =SUM(F54:F62) -> 0 | G53: =SUM(G54:G62) -> 0 | H53: =SUM(H54:H62) -> 0 | I53: =SUM(I54:I62) -> 0 | ... P53: =SUM(P54:P62) -> 65600.07
A54: 2.6.1 - MOBILIARIO Y EQUIPO | B54: 452258 | D54: 65600.07 | P54: =SUM(D54:O54) -> 65600.07
A55: 2.6.2 - MOBILIARIO Y EQUIPO AUDIOVISUAL, RECREATIVO Y EDUCACIONAL | P55: =SUM(D55:O55) -> 0
A56: 2.6.3 - EQUIPO E INSTRUMENTAL, CIENTÍFICO Y LABORATORIO | P56: =SUM(D56:O56) -> 0
A57: 2.6.4 - VEHÍCULOS Y EQUIPO DE TRANSPORTE, TRACCIÓN Y ELEVACIÓN | P57: =SUM(D57:O57) -> 0
A58: 2.6.5 - MAQUINARIA, OTROS EQUIPOS Y HERRAMIENTAS | B58: 150000 | P58: =SUM(D58:O58) -> 0
A59: 2.6.6 - EQUIPOS DE DEFENSA Y SEGURIDAD | P59: =SUM(D59:O59) -> 0
A60: 2.6.7 - ACTIVOS BIOLÓGICOS | P60: =SUM(D60:O60) -> 0
A61: 2.6.8 - BIENES INTANGIBLES | B61: 162840 | P61: =SUM(D61:O61) -> 0
A62: 2.6.9 - EDIFICIOS, ESTRUCTURAS, TIERRAS, TERRENOS Y OBJETOS DE VALOR | P62: =SUM(D62:O62) -> 0
A63: 2.7 - OBRAS | B63: =SUM(B64:B67) -> 0 | C63: =SUM(C64:C67) -> 0 | D63: =SUM(D64:D67) -> 0 | E63: =SUM(E64:E67) -> 0 | F63: =SUM(F64:F67) -> 0 | G63: =SUM(G64:G67) -> 0 | H63: =SUM(H64:H67) -> 0 | I63: =SUM(I64:I67) -> 0 | ... P63: =SUM(P64:P67) -> 0
A64: 2.7.1 - OBRAS EN EDIFICACIONES | P64: =SUM(D64:O64) -> 0
A65: 2.7.2 - INFRAESTRUCTURA | P65: =SUM(D65:O65) -> 0
A66: 2.7.3 - CONSTRUCCIONES EN BIENES CONCESIONADOS | P66: =SUM(D66:O66) -> 0
A67: 2.7.4 - GASTOS QUE SE ASIGNARÁN DURANTE EL EJERCICIO PARA INVERSIÓN (ART. 32 Y 33 LEY 423-06) | P67: =SUM(D67:O67) -> 0
A68: 2.8 - ADQUISICION DE ACTIVOS FINANCIEROS CON FINES DE POLÍTICA | B68: =SUM(B69:B75) -> 0 | C68: =SUM(C69:C75) -> 0 | D68: =SUM(D69:D75) -> 0 | E68: =SUM(E69:E75) -> 0 | F68: =SUM(F69:F75) -> 0 | G68: =SUM(G69:G75) -> 0 | H68: =SUM(H69:H75) -> 0 | I68: =SUM(I69:I75) -> 0 | ... P68: =SUM(P69:P75) -> 0
A69: 2.8.1 - CONCESIÓN DE PRESTAMOS | P69: =SUM(D69:O69) -> 0
A70: 2.8.2 - ADQUISICIÓN DE TÍTULOS VALORES REPRESENTATIVOS DE DEUDA | P70: =SUM(D70:O70) -> 0
A71: 2.9 - GASTOS FINANCIEROS | P71: =SUM(D71:O71) -> 0
A72: 2.9.1 - INTERESES DE LA DEUDA PÚBLICA INTERNA | P72: =SUM(D72:O72) -> 0
A73: 2.9.2 - INTERESES DE LA DEUDA PUBLICA EXTERNA | P73: =SUM(D73:O73) -> 0
A74: 2.9.4 - COMISIONES Y OTROS GASTOS BANCARIOS DE LA DEUDA PÚBLICA | P74: =SUM(D74:O74) -> 0
A75: 4 - APLICACIONES FINANCIERAS | P75: =SUM(D75:O75) -> 0
A76: 4.1 - INCREMENTO DE ACTIVOS FINANCIEROS | B76: =SUM(B77:B78) -> 0 | C76: =SUM(C77:C78) -> 0 | D76: =SUM(D77:D78) -> 0 | E76: =SUM(E77:E78) -> 0 | F76: =SUM(F77:F78) -> 0 | G76: =SUM(G77:G78) -> 0 | H76: =SUM(H77:H78) -> 0 | I76: =SUM(I77:I78) -> 0 | ... P76: =SUM(P77:P78) -> 0
A77: 4.1.1 - INCREMENTO DE ACTIVOS FINANCIEROS CORRIENTES | P77: =SUM(D77:O77) -> 0
A78: 4.1.2 - INCREMENTO DE ACTIVOS FINANCIEROS NO CORRIENTES | P78: =SUM(D78:O78) -> 0
A79: 4.2 - DISMINUCIÓN DE PASIVOS | B79: =SUM(B80:B81) -> 0 | C79: =SUM(C80:C81) -> 0 | D79: =SUM(D80:D81) -> 0 | E79: =SUM(E80:E81) -> 0 | F79: =SUM(F80:F81) -> 0 | G79: =SUM(G80:G81) -> 0 | H79: =SUM(H80:H81) -> 0 | I79: =SUM(I80:I81) -> 0 | ... P79: =SUM(P80:P81) -> 0
A80: 4.2.1 - DISMINUCIÓN DE PASIVOS CORRIENTES | P80: =SUM(D80:O80) -> 0
A81: 4.2.2 - DISMINUCIÓN DE PASIVOS NO CORRIENTES | P81: =SUM(D81:O81) -> 0
A82: 4.3 - DISMINUCIÓN DE FONDOS DE TERCEROS | B82: =SUM(B83) -> 0 | C82: =SUM(C83) -> 0 | D82: =SUM(D83) -> 0 | E82: =SUM(E83) -> 0 | F82: =SUM(F83) -> 0 | G82: =SUM(G83) -> 0 | H82: =SUM(H83) -> 0 | I82: =SUM(I83) -> 0 | ... P82: =SUM(P83) -> 0
A83: 4.3.5 - DISMINUCIÓN DEPÓSITOS FONDOS DE TERCEROS | P83: =SUM(D83:O83) -> 0
A84: Total general | B84: =+B82+B79+B76+B68+B63+B53+B46+B37+B27+B17+B11 -> 166299092 | C84: =+C82+C79+C76+C68+C63+C53+C46+C37+C27+C17+C11 -> 0 | D84: =+D82+D79+D76+D68+D63+D53+D46+D37+D27+D17+D11 -> 2406406.8 | E84: =+E82+E79+E76+E68+E63+E53+E46+E37+E27+E17+E11 -> 0 | F84: =+F82+F79+F76+F68+F63+F53+F46+F37+F27+F17+F11 -> 0 | G84: =+G82+G79+G76+G68+G63+G53+G46+G37+G27+G17+G11 -> 0 | H84: =+H82+H79+H76+H68+H63+H53+H46+H37+H27+H17+H11 -> 0 | I84: =+I82+I79+I76+I68+I63+I53+I46+I37+I27+I17+I11 -> 0 | ... P84: =+P82+P79+P76+P68+P63+P53+P46+P37+P27+P17+P11 -> 2406406.8
A87: Presupuesto aprobado: Se refiere al presupuesto aprobado en la Ley de Presupuesto General del Estado.
A88: Presupuesto modificado: Se refiere al presupuesto aprobado en caso de que el Congreso Nacional apruebe un presupuesto complementario.
A89: Total devengado: Son los recursos financieros que surgen con la obligación de pago por la recepción de conformidad de obras, bienes y servicios oportunamente contratados o, en los casos de gastos sin contraprestación, por haberse cumplido los requisitos administrativos dispuestos por el reglamento de la presente Ley.
A92: Preparado por | I92: Revisado Por
A94: CONTADOR | I94: Administradora Financiera

Sheet P2 Presupuesto Aprobado-Eje (2
A2: SERVICIO NACIONAL DE SALUD
A3: SERVICIO REGIONAL VIII DE SALUD, CIBAO CENTRAL, LA VEGA
A4: Año 2024
A5: Ejecución de Gastos y Aplicaciones financieras
A6: En RD$
A8: DETALLE | B8: Presupuesto Aprobado | C8: Gasto devengado
C9: Enero | D9: Febrero | E9: Marzo | F9: Abril | G9: Mayo | H9: Junio | I9: Julio | J9: Agosto | K9: Septiembre | L9: Octubre | M9: Noviembre | N9: Diciembre | O9: Total
A10: 2 - GASTOS | B10: 158254902 | C10: 2036473.7 | Q10: =+P10-L10 -> 0
A11: 2.3 - MATERIALES Y SUMINISTROS
A12: 2.3.4 - PRODUCTOS FARMACÉUTICOS | B12: 8044190 | C12: 369993.1
A15: Presupuesto aprobado: Se refiere al presupuesto aprobado en la Ley de Presupuesto General del Estado.
A16: Presupuesto modificado: Se refiere al presupuesto aprobado en caso de que el Congreso Nacional apruebe un presupuesto complementario.
A17: Total devengado: Son los recursos financieros que surgen con la obligación de pago por la recepción de conformidad de obras, bienes y servicios oportunamente contratados o, en los casos de gastos sin contraprestación, por haberse cumplido los requisitos administrativos dispuestos por el reglamento de la presente Ley.
A20: Preparado por
A21: SILVIO DE LA CRUZ VELOZ
A22: CONTADOR

Sheet P3 Ejecucion 
C3: {Ministerio al que está adscrito (si aplica)}
C4: Nombre de la institución
C5: Año {año}
C6: Ejecución de Gasto y Aplicaciones financieras
C7: En RD$
C9: DETALLE | D9: Enero | E9: Febrero | F9: Marzo | G9: Abril | H9: Mayo | I9: Junio | J9: Julio | K9: Agosto | L9: Septiembre | M9: Octubre | N9: Noviembre | O9: Diciembre | P9: Total
C10: 2 - GASTOS
C11: 2.1 - REMUNERACIONES Y CONTRIBUCIONES
C12: 2.1.1 - REMUNERACIONES
C13: 2.1.2 - SOBRESUELDOS
C14: 2.1.3 - DIETAS Y GASTOS DE REPRESENTACIÓN
C15: 2.1.4 - GRATIFICACIONES Y BONIFICACIONES
C16: 2.1.5 - CONTRIBUCIONES A LA SEGURIDAD SOCIAL
C17: 2.2 - CONTRATACIÓN DE SERVICIOS
C18: 2.2.1 - SERVICIOS BÁSICOS
C19: 2.2.2 - PUBLICIDAD, IMPRESIÓN Y ENCUADERNACIÓN
C20: 2.2.3 - VIÁTICOS
C21: 2.2.4 - TRANSPORTE Y ALMACENAJE
... C84: Total general
